 Dungeon Crawl Stone Soup version 0.32-a0-120-gfac0567ad4 (webtiles) character file.

Game seed: 1248490902219148443

35 zenocrate the Sneak (level 3, 5/29 HPs)
             Began as a Demonspawn Delver on Feb 6, 2024.
             Quit the game on level 3 of the Dungeon.
             The game lasted 00:00:27 (91 turns).

zenocrate the Sneak (Demonspawn Delver)               Turns: 91, Time: 00:00:28

Health: 5/29       AC:  3    Str: 14    XL:     3   Next: 17%
Magic:  3/3        EV: 11    Int: 10    God:
Gold:   9          SH:  0    Dex: 14    Spells: 2/2 levels left

rFire   . .          .
                       - Unarmed
rCold   . . .        (no shield)
rNeg    . . .        a - +0 leather armour
rPois   .            (no helmet)
rElec   .            (no cloak)
rCorr   .            (no gloves)
SInv    .            (no boots)
Will    .....        (no amulet)
Stlth   ++           (no ring)
HPRegen 0.24/turn    (no ring)
MPRegen 0.16/turn

%: no passive effects
@: hasted, very quick
A: magic regeneration, demonic magic 1
a: no special abilities


You were on level 3 of the Dungeon.
You visited 1 branch of the dungeon, and saw 3 of its levels.

You collected 9 gold pieces.

Inventory:

Armour
 a - a +0 leather armour (worn)
Wands
 f - a wand of digging (3)
Scrolls
 b - a scroll of fog
 c - a scroll of revelation
 d - 2 scrolls of fear
Potions
 g - 2 potions of heal wounds {unknown}


   Skills:
 - Level 3.0 Fighting
 - Level 1.7 Dodging
 - Level 4.5 Stealth
 + Level 3.3 Unarmed Combat


You had 2 spell levels left.
You didn't know any spells.
Your spell library was empty.

Dungeon Overview and Level Annotations

Branches:
Dungeon (5/15)
 Temple: D:4-7

Altars:


Innate Abilities, Weirdness & Mutations

You regenerate magic rapidly.
Spells you cast may paralyse adjacent enemies.


Message History

The hound bites you but does no damage.
Unknown command.
You closely miss the hound.
The hound is almost dead.
The hound bites you but does no damage.
Unknown command.
You closely miss the hound.
The hound is almost dead.
The hound bites you.
* * * LOW HITPOINT WARNING * * *
Unknown command.
You miss the hound.
The hound is almost dead.
The hound bites you but does no damage.
Unknown command.
You hit the hound.
The hound is almost dead.
The hound barely misses you.
Unknown command.
You barely miss the hound.
The hound is almost dead.
The hound barely misses you.
Unknown command.
You barely miss the hound. You punch the hound.
The hound is almost dead.
The hound bites you.
* * * LOW HITPOINT WARNING * * *
Unknown command.
You hit the hound.
You kill the hound!
Your Unarmed Combat skill increases to level 3!
You have reached level 2!
Your demonic ancestry asserts itself...
A menacing aura infuses your magic.
You have reached level 3!
Your experience leads to an increase in your attributes!
Increase (S)trength, (I)ntelligence, or (D)exterity?
You feel stronger. x2; Your demonic ancestry asserts itself...
Your magic begins to regenerate rapidly.
Are you sure you want to abandon this character and quit the game? (Confirm with "yes".)

##..>......
#...######.
##..## #...#
##### ###..##
...... ###....#
.....$###....#.#
...........#...#
##.###@##.###.#
..$.....##.....#
#..............#
..##.########.##
#.. .# ... # ##.
##


There were no monsters in sight!

Vanquished Creatures
  A hound (D:3)
  A dart slug (D:4)
  An endoplasm (D:3)
3 creatures vanquished.

Notes
Turn   | Place    | Note
-------+----------+-------------------------------------------
     0 | D:5      | zenocrate the Demonspawn Delver began the quest for the
                  | Orb.
     0 | D:5      | Reached XP level 1. HP: 18/18 MP: 1/1
    61 | D:3      | Noticed a hound
    90 | D:3      | Killed a hound
    91 | D:3      | Gained mutation: Spells you cast may paralyse adjacent
                  | enemies. [demonic ancestry]
    91 | D:3      | Reached XP level 2. HP: 4/24 MP: 2/2
    91 | D:3      | Gained mutation: You regenerate magic rapidly. [demonic
                  | ancestry]
    91 | D:3      | Reached XP level 3. HP: 5/29 MP: 3/3
    91 | D:3      | Quit the game

Illustrated notes

Levels and vault maps discovered:
D:3:      layout_loops_ring, kennysheep_ying_yang,
          grunt_dithmenos_smoke_and_mirrors, fedhas_altar_2, minmay_statues_item
D:4:      layout_loops_ring, minmay_hollow_rounded_squares
D:5:      layout_rooms, mainiacjoe_overflow_six_doors_small, serial_bayou,
          serial_bayou_shore_a, serial_bayou_lagoon_b, serial_bayou_lagoon_a,
          serial_bayou_ford_a, serial_bayou_pond_d

Skill      XL: |  1 |
---------------+----+-----
Unarmed Combat | 3 |  3.3
Fighting       | |  3.0
Dodging        | |  1.7
Stealth        | |  4.5

Action                     || total
---------------------------++-------
  Melee: Unarmed           ||    32
         Punch             ||     1
    Use: Potion            ||     1
 Armour: Leather armour    ||    16
  Dodge: Dodged            ||    16

Table legend: (Time is in decaauts)
 A = Elapsed time spent in this place.
 B = Non-inter-level travel time spent in this place.
 C = Inter-level travel time spent in this place.
 D = Time resting spent in this place.
 E = Time spent auto-exploring this place.
 F = Levels seen in this place.
 G = Mean time per level.
                   A        B        C        D        E       F      G
               +--------+--------+--------+--------+--------+-----+--------+
         Total |     81 |     81 |      0 |      0 |     27 |   3 |   27.0 |
       Dungeon |     81 |     81 |      0 |      0 |     27 |   3 |   27.0 |
               +--------+--------+--------+--------+--------+-----+--------+

Top non-repeatable levels by time:
     D:3: 34 daAuts
     D:5: 29 daAuts
     D:4: 17 daAuts
